 Dungeon Crawl Stone Soup version 0.24.1 (webtiles) character file.

Game seed: 14206481180072655979, levelgen mode: deterministic

122 Destapler the Skirmisher (level 5, -4/61 HPs)
             Began as an Ogre Gladiator on Mar 29, 2020.
             Was an Initiate of Gozag.
             Slain by a worm (10 damage)
             ... on level 4 of the Dungeon.
             The game lasted 00:05:00 (2594 turns).

Destapler the Skirmisher (Ogre Gladiator)           Turns: 2594, Time: 00:05:00

Health: -4/61      AC:  3    Str: 19      XL:     5   Next: 6%
Magic:  5/5        EV: 13    Int:  9      God:    Gozag
Gold:   190        SH:  0    Dex:  7 (10) Spells: 4/4 levels left

rFire    . . .     SeeInvis .   a - +0 war axe
rCold    . . .     Gourm    .   (no shield)
rNeg     . . .     Faith    .   b - +0 robe
rPois    +         Spirit   .   c - +0 hat
rElec    .         Reflect  .   (no cloak)
rCorr    .         Harm     .   (gloves unavailable)
MR       .....                  (boots unavailable)
Stlth    +.........             (no amulet)
HPRegen  0.20/turn              r - ring of poison resistance
MPRegen  0.09/turn              p - +3 ring of evasion

@: gold aura, flying
A: large, unfitting armour, tough skin 1
a: Potion Petition, Call Merchant, Bribe Branch, Renounce Religion


You were on level 4 of the Dungeon.
You worshipped Gozag.
Gozag was aware of your devotion.
You were near starving.

You visited 1 branch of the dungeon, and saw 4 of its levels.

You collected 244 gold pieces.
You paid 54 gold pieces to Gozag.

Inventory:

Hand Weapons
 a - a +0 war axe (weapon)
Missiles
 d - 3 throwing nets (quivered)
 g - 6 javelins
 i - 86 stones
Armour
 b - a +0 robe (worn)
 c - a +0 hat (worn)
Jewellery
 p - a +3 ring of evasion (right hand)
 r - a ring of poison resistance (left hand)
Scrolls
 j - a scroll of fog {unknown}
 l - 5 scrolls of remove curse {unknown}
 o - 4 scrolls of identify {unknown}
 q - a scroll of teleportation {unknown}
 t - a scroll of blinking {unknown}
Potions
 e - a potion of flight
 h - a potion of ambrosia
 k - 2 potions of curing
 m - a potion of heal wounds {unknown}
 n - a potion of mutation {unknown}
 s - a potion of cancellation {unknown}
 u - a potion of degeneration {unknown}
 v - 2 potions of magic
Comestibles
 f - 11 rations


   Skills:
 + Level 6.7 Fighting
 - Level 3.0 Axes
 - Level 2.0 Throwing
 - Level 2.6 Dodging


You had 4 spell levels left.
You didn't know any spells.
Your spell library was empty.

Dungeon Overview and Level Annotations

Branches:
Dungeon (4/15)
 Temple: D:4-7

Altars:
Elyvilon
Gozag

Annotations:
D:4 Eustachio


Innate Abilities, Weirdness & Mutations

You are too large for most types of armour.
You have tough skin. (AC +1)


Message History

It was a potion of magic.
Magic courses through your body. The quasit bites you.
* * * LOW HITPOINT WARNING * * *
You feel clumsy. The quasit barely misses you.
The quasit claws you but does no damage.
The river rat barely misses you. The rat barely misses you.
Eustachio casts a spell.
The rat bites you.
* * * LOW HITPOINT WARNING * * *
It was a potion of flight.
You feel very buoyant.
You fly up into the air.
The quasit barely misses you. The quasit closely misses you. x2
The river rat bites you but does no damage.
The rat bites you but does no damage.
Eustachio gestures wildly while chanting.
Eustachio blinks!
The worm bites you!
You die...
Your body crumbles into a pile of gold.

....###..######..
$ #.....## ..
#####.### #..
##..####...
####.........
#.........@..
#.#.#.#.#.#.#
.##.....r......
......r@w...⌠..
♣.#....r§5_.....
. #....⌠r....⌠..
...............
....#.#.#.#.#.#
.##............
##########... ..


You could see Eustachio, a worm, a quasit, a river rat and 3 rats.

Vanquished Creatures
  Terence (D:2)
  An adder (D:2)
  2 worms (D:2)
  6 dart slugs
  2 leopard geckos
  7 bats
  5 giant cockroaches
  4 goblins
  7 hobgoblins
  9 jackals
  4 ball pythons
  2 frilled lizards
  5 kobolds
  12 rats
67 creatures vanquished.

Notes
Turn   | Place    | Note
-------+----------+-------------------------------------------
     0 | D:1      | Destapler the Ogre Gladiator began the quest for the Orb.
     0 | D:1      | Reached XP level 1. HP: 22/22 MP: 1/1
    38 | D:1      | Reached skill level 3 in Fighting
    64 | D:1      | Reached XP level 2. HP: 26/32 MP: 2/2
   117 | D:1      | Reached skill level 4 in Fighting
   268 | D:1      | Reached XP level 3. HP: 24/40 MP: 3/3
   680 | D:1      | Reached skill level 5 in Fighting
  1220 | D:2      | Reached XP level 4. HP: 40/52 MP: 4/4
  1342 | D:2      | Found an opulent altar of Gozag.
  1450 | D:2      | Noticed Terence
  1625 | D:2      | Killed Terence
  1625 | D:2      | Reached skill level 6 in Fighting
  1985 | D:2      | Became a worshipper of Gozag Ym Sagoz the Greedy
  2223 | D:3      | Reached XP level 5. HP: 61/61 MP: 5/5
  2576 | D:4      | Found a white marble altar of Elyvilon.
  2578 | D:4      | Noticed Eustachio
  2594 | D:4      | Slain by a worm

Levels and vault maps discovered:
D:1:      nicolae_arrival_washed_ashore, layout_basic
D:2:      layout_basic, overflow_temple_1_default, uniq_terence
D:3:      minmay_evil_eye, layout_basic
D:4:      layout_layer_cave, elyvilon_altar_5, kennysheep_mini_moat,
          serial_shops, shop, nicolae_shop_stone, okawaru_trees_1,
          uniq_menkaure, uniq_eustachio, uniq_pikel

Skill      XL: |  1  2  3  4 |
---------------+-------------+-----
Fighting       | 3 4 5 6 |  6.7
Axes           | |  3.0
Throwing       | |  2.0
Dodging        | |  2.6

Action                   |  1- 3 |  4- 6 || total
-------------------------+-------+-------++-------
Melee: War axe           |   103 |    69 ||   172
  Use: Potion            |       |     4 ||     4
 Stab: Sleeping          |     1 |       ||     1
  Eat: Chunk             |     1 |     3 ||     4
Armor: Robe              |    35 |    33 ||    68
Dodge: Dodged            |    64 |    64 ||   128
